 Dungeon Crawl Stone Soup version 0.29-a0-25-g7f48f510a0 (webtiles) character file.

Game seed: 14977962922434861036

42845 robertstho the Eclecticist (level 14, -1/99 HPs)
             Began as a Djinni Fire Elementalist on Jan 31, 2022.
             Was a High Priest of Makhleb.
             Slain by a death yak (14 damage)
             ... led by a torpor snail
             ... on level 6 of the Lair of Beasts.
             The game lasted 00:43:02 (26817 turns).

robertstho the Eclecticist (DjFE)                  Turns: 26817, Time: 00:43:03

Health: -1/99      AC:  9    Str:  7    XL:     14   Next: 57%
Gold:   609        EV: 18    Int: 22    God:    Makhleb [*****.] SH:  4 Dex: 14

rFire   + + .      SeeInvis .   K - +5 scythe "Finisher" {speed, eviscerate}
rCold   x . .      Faith    .   (shield currently unavailable)
rNeg    . . .      Spirit   .   J - +2 robe {Will+}
rPois   ∞          Reflect  .   n - +1 helmet
rElec   .          Harm     .   o - scarf {repulsion}
rCorr   +          Rampage  .   R - +2 pair of gloves
Will    ++...                   (boots unavailable)
Stlth   ++........              (no amulet)
HPRegen 0.26/turn               t - ring of resist corrosion
MPRegen 0.00/turn               z - +4 ring of evasion

@: flying, slowed, repel missiles, very slow
A: sickness immunity, fire resistance 2, cold vulnerability 1, float, innate
caster, HP casting, extra vitality 1, claws 1, large bone plates 1
a: Renounce Religion, Minor Destruction, Lesser Servant of Makhleb, Major
Destruction, Greater Servant of Makhleb


You were on level 6 of the Lair of Beasts.
You worshipped Makhleb.
Makhleb was extremely pleased with you.
You visited 3 branches of the dungeon, and saw 18 of its levels.

You collected 1217 gold pieces.
You spent 608 gold pieces at shops.

Inventory:

Hand Weapons
 u - a +0 scimitar of flaming
 B - the +9 hunting sling "Valuof" {speed, Int+3 Dex+3}
   (You found it on level 3 of the Lair of Beasts)

   Attacks with this weapon are significantly faster.
   Int:       It affects your intelligence (+3).
   Dex:       It affects your dexterity (+3).
 F - a +4 dagger of protection
 K - the +5 scythe "Finisher" (weapon) {speed, eviscerate}
   (You found it on level 3 of the Lair of Beasts)

   Attacks with this weapon are significantly faster.
   It may eviscerate those it strikes, slaying them instantly, with a decreasing
   chance against stronger foes.
Missiles
 L - 379 stones
 M - 81 sling bullets
Armour
 n - a +1 helmet (worn)
 o - a scarf of repulsion (worn)
 J - a +2 robe of willpower (worn)
 P - a scarf of resistance
 R - a +2 pair of gloves (worn)
Jewellery
 j - a ring of fire
 m - a ring of protection from cold
 p - a ring of wizardry
 t - a ring of resist corrosion (left hand)
 v - a +6 ring of dexterity
 z - a +4 ring of evasion (right hand)
 C - a ring of protection from cold
 E - a ring of protection from fire
Wands
 h - a wand of acid (17)
 x - a wand of iceblast (19)
 H - a wand of digging (2)
 N - a wand of paralysis (5)
 O - a wand of mindburst (2)
Scrolls
 b - a scroll of silence
 e - 2 scrolls of brand weapon {unknown}
 g - 4 scrolls of blinking {unknown}
 i - 3 scrolls of teleportation
 k - a scroll of magic mapping
 l - 5 scrolls of enchant weapon
 r - 3 scrolls of fog
 y - 2 scrolls of holy word
 D - 2 scrolls of enchant armour
Potions
 a - a potion of magic {unknown}
 c - a potion of resistance {unknown}
 f - a potion of invisibility
 s - 13 potions of ambrosia
 w - a potion of berserk rage
 A - 2 potions of curing


   Skills:
 * Level 8.4 Fighting
 + Level 0.5 Short Blades
 + Level 1.7 Polearms
 + Level 5.3 Dodging
 + Level 3.7 Stealth
 + Level 2.4 Shields
 * Level 16.0 Spellcasting
 * Level 6.9 Invocations


You had 13 spell levels left.
You knew the following spells:

 Your Spells              Type           Power      Damage    Failure   Level
a - Foxfire               Conj/Fire      100%       2x1d9     0%          1
b - Scorch                Fire           100%       2d10      0%          2
c - Conjure Flame         Conj/Fire      73%        6-21      0%          3
d - Inner Flame           Hex/Fire       73%        N/A       0%          3
e - Flame Wave            Conj/Fire      73%        2d13      1%          4
f - Sandblast             Erth           100%       2d20      0%          1
g - Call Imp              Summ           73%        N/A       0%          2
h - Spider Form           Tmut/Pois      73%        N/A       0%          3
i - Cause Fear            Hex            36%        N/A       1%          4
j - Hailstorm             Conj/Ice       73%        3d15      1%          4
k - Blade Hands           Tmut           36%        N/A       1%          5
Your spell library was empty.

Dungeon Overview and Level Annotations

Branches:
Dungeon (11/15)            Temple (1/1) D:4            Lair (6/6) D:9
 Shoals (0/4) Lair:2        Snake (0/4) Lair:2        Slime (0/5) Lair:6
    Orc: D:9-12

Altars:
Ashenzari
Cheibriados
Dithmenos
Elyvilon
Fedhas
Gozag
Hepliaklqana
Kikubaaqudgha
Makhleb
Nemelex Xobeh
Okawaru
Qazlal
Ru
Sif Muna
Trog
Uskayaw
Vehumet
Wu Jian
Xom
Yredelemnul
Zin
The Shining One

Shops:
D:5 ?   D:8 *   D:10 [=

Annotations:
D:10 6 transporters, 1 runed translucent door, arthad's ghost, journeyman VSFi
Lair:2 exclusion: 3 oklob plants


Innate Abilities, Weirdness & Mutations

You are immune to sickness and miasma.
You are immune to poison.
Your flesh is very heat resistant. (rF++)
You are vulnerable to cold. (rC-)
You float through the air rather than walking.
You learn spells naturally, not from books.
Your magical power is your life essence.
You have superior vitality. (+4 MHP)
You have sharp fingernails.
You are partially covered in large bone plates. (SH +4)


Message History

You hit the torpor snail.
The torpor snail is severely wounded.
The torpor snail bites you! The death yak barely misses you.
The torpor snail closely misses you. The death yak gores you!!
The death yak gores you!
Casting: Scorch (safe; 0% risk of failure)
Confirm with . or Enter, or press ? or * to list all spells.
Casting: Cause Fear (safe; 1% risk of failure)
Press: ? - help, Dir - look around, f - activate The torpor snail resists with some effort.
The death yak resists with almost no effort.
The death yak gores you.
Unknown command.
Casting: Cause Fear (safe; 1% risk of failure)
Confirm with . or Enter, or press ? or * to list all spells.
Casting: Cause Fear (safe; 1% risk of failure)
Press: ? - help, Dir - look around, f - activate The torpor snail looks frightened!
The death yak resists with almost no effort.
Unknown command.
Unknown command.
The death yak barely misses you.
Casting: Cause Fear (safe; 1% risk of failure)
Confirm with . or Enter, or press ? or * to list all spells.
Casting: Cause Fear (safe; 1% risk of failure)
Press: ? - help, Dir - look around, f - activate The death yak resists with some effort.
The death yak gores you.
Unknown command.
Casting: Cause Fear (safe; 1% risk of failure)
Confirm with . or Enter, or press ? or * to list all spells.
Casting: Cause Fear (safe; 1% risk of failure)
Press: ? - help, Dir - look around, f - activate The death yak resists with almost no effort.
* * * LOW HITPOINT WARNING * * *
The torpor snail seems to regain its courage.
The death yak gores you!
* * * LOW HITPOINT WARNING * * *
The death yak gores you!
You die...

### ......# ....### #
..>.#(###...#.##
.......#.......##
#........w.......
................#
.....#.##..#.##.
.P........#.###...#
...........# ##Y.#
.P.......######@.####
###$.....[##.##....#.###
..#........#.P#.......P#
.......................##
........................#
.............#.P...######
#P...###..##.#P....#
#######....###.....#
##....###P..## ###


You could see a death yak and a torpor snail (fleeing).

Vanquished Creatures
  A centaur warrior (D:9)
  4 hydras
  Erica (D:10)
  An anaconda (Lair:3)
  An alligator (Lair:3)
  A death yak (Lair:3)
  Sonja (Lair:1)
  A fire crab (Lair:3)
  Pikel (D:9)
  An ugly thing (D:9)
  A manticore (D:9)
  3 black mambas
  Maurice (D:8)
  2 torpor snails
  11 cane toads
  7 komodo dragons
  6 rime drakes
  2 kobold demonologists (D:8)
  2 trolls
  2 queen bees
  3 polar bears
  Grinder (D:5)
  A snapping turtle (shapeshifter) (D:9)
  A hornet (Lair:3)
  8 blink frogs
  A meliai zombie (D:11)
  Sigmund (D:3)
  54 yaks
  A wraith (D:10)
  7 wyverns
  3 humans (D:6)
  4 basilisks
  A vampire mosquito (D:9)
  Menkaure (D:7)
  2 wargs (Lair:6)
  A hell hound (Lair:6)
  11 water moccasins
  A hornet zombie (D:7)
  4 orc warriors
  A black bear (D:8)
  2 sky beasts (D:5)
  2 necrophages
  7 centaurs
  An ogre (D:5)
  A phantom (D:7)
  43 wolves
  2 lemures (D:9)
  9 bullfrogs
  2 scorpions
  A wyvern skeleton (D:6)
  66 killer bees
  5 wights (D:9)
  A howler monkey (D:9)
  3 electric eels
  3 centaur zombies
  5 hounds
  8 orc priests
  3 jellies
  3 bullfrog skeletons (D:6)
  2 gnoll shamans
  Crazy Yiuf (D:4)
  3 iguanas
  4 orc wizards
  Natasha (thrice) (D:3)
  7 hell rats
  A howler monkey zombie (D:9)
  8 adders
  A howler monkey skeleton (D:7)
  11 gnolls
  3 shadow imps
  A white imp (D:6)
  2 worms (D:2)
  A dart slug (D:5)
  44 orcs
  14 endoplasms
  3 giant cockroaches
  6 goblins
  7 hobgoblins
  9 jackals
  2 quokkas
  8 ball pythons
  4 bats
  2 frilled lizards
  20 kobolds
  5 rats
496 creatures vanquished.

Vanquished Creatures (collateral kills)
  7 foxfires
7 creatures vanquished.

Vanquished Creatures (others)
  712 foxfires
  42 fungi
  56 plants
  7 toadstools (D:2)
817 creatures vanquished.

Grand Total: 1320 creatures vanquished

Notes
Turn   | Place    | Note
-------+----------+-------------------------------------------
     0 | D:1      | robertstho the Djinni Fire Elementalist began the quest for
                  | the Orb.
     0 | D:1      | Reached XP level 1. HP: 15/15 MP: 0/0
   190 | D:1      | Reached XP level 2. HP: 10/21 MP: 0/0
   688 | D:1      | Found a faded altar of an unknown god.
  1182 | D:1      | Reached XP level 3. HP: 12/26 MP: 0/0
  1182 | D:1      | Learned a level 1 spell: Sandblast
  1677 | D:2      | Reached skill level 3 in Spellcasting
  1891 | D:2      | Reached skill level 1 in Fighting
  2457 | D:2      | Reached XP level 4. HP: 9/32 MP: 0/0
  3574 | D:2      | Reached XP level 5. HP: 28/37 MP: 0/0
  3574 | D:2      | Learned a level 2 spell: Call Imp
  3986 | D:3      | Noticed Sigmund
  4005 | D:3      | Gained mutation: You are partially covered in large bone
                  | plates. (SH +4) [potion of mutation]
  4005 | D:3      | Gained mutation: You have sharp fingernails. [potion of
                  | mutation]
  4025 | D:3      | Killed Sigmund
  4026 | D:3      | Reached skill level 4 in Spellcasting
  4026 | D:3      | Reached XP level 6. HP: 7/43 MP: 0/0
  4385 | D:3      | Noticed Natasha
  4403 | D:3      | Killed Natasha
  4964 | D:3      | Noticed Natasha
  4967 | D:3      | Killed Natasha
  4968 | D:3      | Reached skill level 5 in Spellcasting
  5003 | D:3      | Noticed Natasha
  5011 | D:3      | Killed Natasha
  5363 | D:4      | Reached XP level 7. HP: 36/48 MP: 0/0
  5363 | D:4      | Learned a level 3 spell: Spider Form
  5787 | D:4      | Found a staircase to the Ecumenical Temple.
  5805 | Temple   | Entered the Ecumenical Temple
  6062 | D:4      | Found a runed translucent door.
  6063 | D:4      | Noticed Crazy Yiuf
  6145 | D:4      | Found a broken altar of Ashenzari.
  6623 | D:4      | Reached skill level 6 in Spellcasting
  7184 | D:4      | Killed Crazy Yiuf
  7315 | D:5      | Entered Level 5 of the Dungeon
  7318 | D:5      | Reached XP level 8. HP: 51/55 MP: 0/0
  7468 | D:5      | Noticed Grinder
  7475 | D:5      | Killed Grinder
  7587 | D:5      | Reached skill level 7 in Spellcasting
  7799 | D:5      | Reached XP level 9. HP: 38/61 MP: 0/0
  7799 | D:5      | Learned a level 4 spell: Cause Fear
  8188 | D:5      | Found a snail-covered altar of Cheibriados.
  8220 | D:5      | Found Caranuame's Magic Scroll Shoppe.
  8289 | D:5      | Bought a scroll of enchant weapon for 90 gold pieces
  8289 | D:5      | Bought a scroll of teleportation for 36 gold pieces
  8289 | D:5      | Bought a scroll of identify for 24 gold pieces
  8289 | D:5      | Bought a scroll of identify for 24 gold pieces
  8289 | D:5      | Bought a scroll of amnesia for 42 gold pieces
  8610 | D:6      | Reached skill level 8 in Spellcasting
  9056 | D:6      | Found a glowing golden altar of the Shining One.
  9543 | D:6      | Reached skill level 9 in Spellcasting
 10474 | D:7      | Noticed Menkaure
 10477 | D:7      | Killed Menkaure
 10478 | D:7      | Reached XP level 10. HP: 64/68 MP: 0/0
 10566 | D:7      | Found a white marble altar of Elyvilon.
 10688 | D:7      | Found a glowing silver altar of Zin.
 10688 | D:7      | Found a burning altar of Makhleb.
 10689 | D:7      | Noticed a balrug
 10689 | D:7      | Noticed an angel
 10737 | D:7      | Became a worshipper of Makhleb the Destroyer
 11346 | D:8      | Found a blossoming altar of Fedhas.
 11467 | D:8      | Reached skill level 10 in Spellcasting
 11470 | D:8      | Reached skill level 1 in Invocations
 11710 | D:8      | Noticed Maurice
 11717 | D:8      | Noticed a kobold demonologist
 11718 | D:8      | Noticed a kobold demonologist
 11723 | D:8      | Noticed a rust devil
 11744 | D:8      | Noticed a rust devil
 11756 | D:8      | Killed a kobold demonologist
 11761 | D:8      | Killed Maurice
 11765 | D:8      | Killed a kobold demonologist
 12072 | D:8      | Found Kate's Assorted Antiques.
 12076 | D:8      | Bought a glowing onyx ring for 120 gold pieces
 12076 | D:8      | Bought a scroll of identify for 48 gold pieces
 12724 | D:8      | Found a sacrificial altar of Ru.
 12854 | D:9      | Reached skill level 11 in Spellcasting
 13041 | D:9      | Noticed Pikel
 13053 | D:9      | Killed Pikel
 13054 | D:9      | Reached XP level 11. HP: 50/74 MP: 0/0
 13054 | D:9      | Learned a level 4 spell: Hailstorm
 13179 | D:9      | Found a staircase to the Lair.
 13277 | D:9      | Reached skill level 5 in Fighting
 13277 | D:9      | Noticed a centaur warrior
 13283 | D:9      | Reached * piety under Makhleb
 13291 | D:9      | Killed a centaur warrior
 13294 | D:9      | Noticed a manticore
 13302 | D:9      | Killed a manticore
 13716 | Lair:1   | Entered Level 1 of the Lair of Beasts
 13793 | Lair:1   | Noticed Sonja
 13798 | Lair:1   | Killed Sonja
 13926 | Lair:1   | Noticed a six-headed hydra
 13943 | Lair:1   | Killed a six-headed hydra
 13944 | Lair:1   | Reached skill level 12 in Spellcasting
 14258 | Lair:1   | Reached skill level 1 in Shields
 15001 | Lair:2   | Reached XP level 12. HP: 57/82 MP: 0/0
 15199 | Lair:2   | Reached ** piety under Makhleb
 15214 | Lair:2   | Reached skill level 13 in Spellcasting
 15277 | Lair:2   | Found a staircase to the Snake Pit.
 15378 | Lair:2   | Found a staircase to the Shoals.
 16980 | Lair:3   | Reached *** piety under Makhleb
 17132 | Lair:3   | Noticed a death yak
 17158 | Lair:3   | Killed a death yak
 17159 | Lair:3   | Reached skill level 14 in Spellcasting
 17437 | Lair:3   | Reached XP level 13. HP: 85/89 MP: 0/0
 17437 | Lair:3   | Learned a level 5 spell: Blade Hands
 17484 | Lair:3   | Noticed a five-headed hydra
 17491 | Lair:3   | Killed a five-headed hydra
 17492 | Lair:3   | Reached skill level 5 in Invocations
 17493 | Lair:3   | Noticed an anaconda
 18040 | Lair:3   | Killed an anaconda
 18568 | Lair:3   | Found the +5 scythe "Finisher" {speed, eviscerate}
 18710 | Lair:3   | Identified the +9 hunting sling "Valuof" {speed, Int+3
                  | Dex+3}
 21124 | D:10     | Entered Level 10 of the Dungeon
 21135 | D:10     | Found a transporter.
 21137 | D:10     | Found a transporter.
 21215 | D:10     | Found Ygikiocy's Antique Armour Shop.
 21224 | D:10     | Bought a runed scarf for 224 gold pieces
 21241 | D:10     | Found Kal Ruteck's Jewellery Boutique.
 21366 | D:10     | Found a transporter.
 21368 | D:10     | Found a transporter.
 21426 | D:10     | Noticed Erica
 21432 | D:10     | Killed Erica
 21726 | D:10     | Reached **** piety under Makhleb
 21853 | D:10     | Found a runed translucent door.
 21855 | D:10     | Noticed arthad's ghost (journeyman VSFi)
 22110 | D:10     | Reached skill level 15 in Spellcasting
 22345 | D:10     | Found a transporter.
 22346 | D:10     | Found a transporter.
 24284 | Lair:4   | Noticed a five-headed hydra
 24304 | Lair:4   | Reached skill level 1 in Polearms
 24309 | Lair:4   | Killed a five-headed hydra
 24516 | Lair:4   | Reached XP level 14. HP: 63/97 MP: 0/0
 24977 | Lair:5   | Reached ***** piety under Makhleb
 25494 | Lair:5   | Reached skill level 5 in Dodging
 26378 | Lair:6   | Entered Level 6 of the Lair of Beasts
 26399 | Lair:6   | Reached skill level 16 in Spellcasting
 26802 | Lair:6   | Found a staircase to the Slime Pits.
 26817 | Lair:6   | Slain by a death yak

Illustrated notes

Levels and vault maps discovered:
D:1:      saegor_arrival_simple_c, layout_loops_corners,
          ebering_ecumenical_altar_petrified, hex_medium
D:2:      cheibrodos_fertilizer, layout_loops_corners
D:3:      layout_basic, minmay_misc_feat_rows, hangedman_decor_points,
          uniq_sigmund, uniq_natasha
D:4:      layout_layer_cave, mainiacjoe_overflow_paths,
          minmay_temple_entry_slanted, uniq_crazy_yiuf_cottage
D:5:      layout_loops_ring, kennysheep_slug_shrine, serial_shops,
          nicolae_diamond_shop, minmay_fractal_squares_5, uniq_grinder
D:6:      layout_basic, nicolae_tso_carved_into_rock, minmay_ruffians
D:7:      layout_gridville, grunt_temple_overflow_order_and_chaos_2,
          nicolae_vehumet_altar_sigil, overflow_temple_1_default, uniq_menkaure
D:8:      layout_loops_ring, lemuel_coloured_pillars_altar,
          mainiacjoe_overflow_alcove_1, serial_shops, shop, uniq_maurice
D:9:      minmay_bloctagon_deflated, layout_long_grid, lair_entry_dummy,
          uniq_pikel
D:10:     layout_basic, serial_shops, shop, ebering_ghost_inner_flame,
          st_stairs_14, minmay_shop_enchanted_jewellery,
          hangedman_decor_clover_reticule, serial_nicolae_subway,
          nicolae_sub_station_stone, nicolae_sub_station_metal,
          nicolae_sub_station_crystal, uniq_erica
D:11:     layout_long_grid, erik_orc_2
Temple:   nicolae_temple_figure_eight
Lair:1:   layout_chaotic_city, uniq_sonja
Lair:2:   hangedman_what_comes_after_a, layout_loops_ring,
          elwin_shoals_entry_rocks, lemuel_old_faithful
Lair:3:   layout_small_grid, special_room [special_room_bee],
          nicolae_lair_lakeside_cave
Lair:4:   layout_roguey, minivault_27, st_stairs_11
Lair:5:   layout_roguey, nicolae_quartered_pool_medium,
          grunt_forest_large_clearings
Lair:6:   hangedman_lair_caniforms_friends, layout_small_grid,
          hangedman_lair_tendril_chambers, slime_dummy, serial_bayou_pond_d,
          lemuel_fruit_tree

Skill      XL: |  1  2  3  4  5  6  7  8  9 10 11 12 13 14 |
---------------+-------------------------------------------+-----
Spellcasting   | 3 4 5 6 7 9 11 12 14 15 16 | 16.0
Fighting       | 1 2 3 4 5 6 7 8 |  8.4
Stealth        | 2 3 |  3.7
Invocations    | 1 3 4 6 |  6.9
Dodging        | 3 4 5 |  5.3
Shields        | 1 2 |  2.4
Polearms       | 1 |  1.7
Short Blades   | |  0.5

Action                   |  1- 3 |  4- 6 |  7- 9 | 10-12 | 13-15 || total
-------------------------+-------+-------+-------+-------+-------++-------
Melee: Falchion          |     1 |     3 |     1 |       |       ||     5
       Unarmed           |     1 |       |       |       |       ||     1
       Dagger            |       |       |    13 |    11 |       ||    24
       Scythe            |       |       |       |       |    56 ||    56
 Cast: Foxfire           |    22 |     8 |   139 |   112 |   143 ||   424
       Scorch            |    37 |    61 |   101 |   173 |   101 ||   473
       Conjure Flame     |     2 |     1 |     4 |    15 |     6 ||    28
       Flame Wave        |       |       |     1 |    14 |    10 ||    25
       Hailstorm         |       |       |       |    42 |    98 ||   140
       Cause Fear        |       |       |       |       |    14 ||    14
       Call Imp          |       |       |       |       |     1 ||     1
Evoke: Wand              |       |       |       |     2 |       ||     2
  Use: Potion            |       |     3 |       |     4 |     4 ||    11
       Scroll            |       |     5 |     2 |     7 |    10 ||    24
Armor: Robe              |     7 |     1 |    14 |    40 |    48 ||   110
       Skin              |       |     8 |       |       |       ||     8
Dodge: Dodged            |     9 |    16 |    31 |   128 |   209 ||   393
       Repelled          |       |       |       |       |     1 ||     1
Block: Other             |       |       |    12 |    42 |    47 ||   101

Table legend: (Time is in decaauts)
 A = Elapsed time spent in this place.
 B = Non-inter-level travel time spent in this place.
 C = Inter-level travel time spent in this place.
 D = Time resting spent in this place.
 E = Time spent auto-exploring this place.
 F = Levels seen in this place.
 G = Mean time per level.
                   A        B        C        D        E       F      G
               +--------+--------+--------+--------+--------+-----+--------+
         Total |  26881 |  25125 |   1756 |   4391 |  17953 |  18 | 1493.4 |
       Dungeon |  18284 |  16822 |   1462 |   2716 |  12393 |  11 | 1662.2 |
        Temple |    219 |    207 |     12 |      0 |    206 |   1 |  219.0 |
          Lair |   8377 |   8095 |    282 |   1675 |   5354 |   6 | 1396.2 |
               +--------+--------+--------+--------+--------+-----+--------+

Top non-repeatable levels by time:
     D:2: 2690 daAuts
  Lair:2: 2128 daAuts
     D:4: 2000 daAuts
     D:9: 1875 daAuts
  Lair:3: 1864 daAuts
     D:8: 1747 daAuts
     D:1: 1665 daAuts
     D:3: 1630 daAuts
    D:10: 1543 daAuts
  Lair:4: 1540 daAuts
     D:5: 1427 daAuts
  Lair:5: 1386 daAuts
     D:7: 1356 daAuts
     D:6: 1340 daAuts
  Lair:1: 1322 daAuts
